 Dungeon Crawl Stone Soup version 0.29-a0-620-g13ace881f2 (webtiles) character file.

Game seed: 10810848487345653806

36 ptdevnull the Stinger (level 3, 0/28 HPs)
             Began as a Naga Venom Mage on June 19, 2022.
             Slain by a hobgoblin (2 damage)
             ... on level 1 of the Dungeon.
             The game lasted 00:03:08 (1177 turns).

ptdevnull the Stinger (Naga Venom Mage)             Turns: 1177, Time: 00:03:09

Health: 0/28       AC:  2    Str: 10    XL:     3   Next: 37%
Magic:  2/6        EV: 13    Int: 17    God:
Gold:   41         SH:  0    Dex: 11    Spells: 4/7 levels left

rFire   . . .      SeeInvis +   e - +0 dagger
rCold   . . .      Faith    .   (no shield)
rNeg    . . .      Spirit   .   a - +0 robe
rPois   +          Reflect  .   (no helmet)
rElec   .          Harm     .   (no cloak)
rCorr   +          Rampage  .   (no gloves)
Will    .....                   (no barding)
Stlth   ++........              (no amulet)
HPRegen 0.09/turn               c - ring of resist corrosion
MPRegen 0.10/turn               f - +4 ring of evasion

@: very slow
A: AC +1, large, see invisible, deformed body, poison resistance, slowness 2,
spit poison 1, naga tail 1
a: Spit Poison


You were on level 1 of the Dungeon.
You visited 1 branch of the dungeon, and saw 1 of its levels.

You collected 41 gold pieces.

Inventory:

Hand Weapons
 e - a +0 dagger (weapon)
Armour
 a - a +0 robe (worn)
Jewellery
 c - a ring of resist corrosion (left hand)
 f - a +4 ring of evasion (right hand)
Scrolls
 d - a scroll of fear {unknown}
Potions
 b - a potion of magic


   Skills:
 - Level 1.6 Dodging
 - Level 3.1 Stealth
 + Level 2.5 Spellcasting
 + Level 1.9 Transmutations
 + Level 4.6 Poison Magic


You had 4 spell levels left.
You knew the following spells:

 Your Spells              Type           Power      Damage    Failure   Level
a - Sting                 Tmut/Pois      52%        1d5       4%          1
b - Poisonous Vapours     Pois/Air       20%        N/A       11%         2

Your spell library contained the following spells:

 Spells                   Type           Power      Damage    Failure   Level
 Olgreb's Toxic Radiance  Pois           17%        N/A       26%         4
 Mephitic Cloud           Conj/Pois/Air  7%         N/A       28%         3


Dungeon Overview and Level Annotations

Branches:
Dungeon (1/15)

Altars:


Innate Abilities, Weirdness & Mutations

Your serpentine skin is tough. (AC +1)
You have supernaturally acute eyesight. (SInv)
Armour fits poorly on your strangely shaped body.
Your system is resistant to poisons. (rPois)
You cover ground very slowly.
You can spit poison.
You have a snake-like lower body.


Message History

The goblin is heavily wounded.
The goblin barely misses you.
Hit: e) +0 dagger
Press: ? - help, Dir - move target, f/p - goblin
Aim: a goblin, wielding a +0 dagger (heavily wounded, about 47% to evade your +0 dagger)
You hit the goblin.
You kill the goblin!
Unknown command.
Hit: e) +0 dagger
Press: ? - help, Dir - move target, f - hobgoblin
Aim: a hobgoblin (about 40% to evade your +0 dagger)
You closely miss the hobgoblin. The hobgoblin misses you.
Unknown command.
Hit: e) +0 dagger
Press: ? - help, Dir - move target, f/p - hobgoblin
Aim: a hobgoblin (about 40% to evade your +0 dagger)
You hit the hobgoblin.
The hobgoblin is heavily wounded.
The hobgoblin misses you.
Hit: e) +0 dagger
Press: ? - help, Dir - move target, f/p - hobgoblin
Aim: a hobgoblin (heavily wounded, about 40% to evade your +0 dagger)
You completely miss the hobgoblin.
The hobgoblin is heavily wounded.
The hobgoblin barely misses you.
Unknown command.
Hit: e) +0 dagger
Press: ? - help, Dir - move target, f/p - hobgoblin
Aim: a hobgoblin (heavily wounded, about 40% to evade your +0 dagger)
You hit the hobgoblin but do no damage.
The hobgoblin is heavily wounded.
The hobgoblin completely misses you.
Unknown command.
Hit: e) +0 dagger
Press: ? - help, Dir - move target, f/p - hobgoblin
Aim: a hobgoblin (heavily wounded, about 40% to evade your +0 dagger)
You hit the hobgoblin but do no damage.
The hobgoblin is heavily wounded.
The hobgoblin hits you.
You die...

. .............. .
............# #.
#.........## #.
#.........##
####.#######.........†.
.....................#
#...###...##.####...
#.## .. #g#...####†#
....# .......
#@#.######.##.#.##
.....#.
###..........#..#..#
.......##
#.....###...... ##..
........###†#####
.##... ## .....#.##..#
.. ..#. # #.#.#.†.##.##
.. .... # #.......†..##
.. ...#. #
#.#.?.......# #
#..####....... .


You could see a hobgoblin.

Vanquished Creatures
  A dart slug (D:1)
  4 ball pythons (D:1)
  3 endoplasms (D:1)
  3 goblins (D:1)
  3 hobgoblins (D:1)
  7 jackals (D:1)
  A bat (D:1)
  3 kobolds (D:1)
  5 rats (D:1)
30 creatures vanquished.

Notes
Turn   | Place    | Note
-------+----------+-------------------------------------------
     0 | D:1      | ptdevnull the Naga Venom Mage began the quest for the Orb.
     0 | D:1      | Reached XP level 1. HP: 15/15 MP: 3/3
   351 | D:1      | Reached XP level 2. HP: 17/22 MP: 3/5
   993 | D:1      | Learned a level 2 spell: Poisonous Vapours
  1037 | D:1      | Reached XP level 3. HP: 24/28 MP: 1/6
  1177 | D:1      | Slain by a hobgoblin

Illustrated notes

Levels and vault maps discovered:
D:1:      dpeg_arrival_boxes_within_box, layout_rooms,
          ebering_ecumenical_altar_rust, minmay_distorted

Action                   || total
-------------------------++-------
Melee: Dagger            ||    56
       Punch             ||     2
 Cast: Sting             ||    43
 Stab: Sleeping          ||     2
Armor: Robe              ||    13
Dodge: Dodged            ||    76

Table legend: (Time is in decaauts)
 A = Elapsed time spent in this place.
 B = Non-inter-level travel time spent in this place.
 C = Inter-level travel time spent in this place.
 D = Time resting spent in this place.
 E = Time spent auto-exploring this place.
 F = Levels seen in this place.
 G = Mean time per level.
                   A        B        C        D        E       F      G
               +--------+--------+--------+--------+--------+-----+--------+
         Total |   1280 |   1280 |      0 |    211 |    815 |   1 | 1280.0 |
       Dungeon |   1280 |   1280 |      0 |    211 |    815 |   1 | 1280.0 |
               +--------+--------+--------+--------+--------+-----+--------+

Top non-repeatable levels by time:
     D:1: 1280 daAuts
